 Dungeon Crawl Stone Soup version 0.30-a0-618-gd6c86c23d0 (webtiles) character file.

Game seed: 13842106747213468061

123 wormed the Sneak (level 5, 0/32 HPs)
             Began as a Kobold Brigand on Jan 9, 2023.
             Slain by a river rat (7 damage)
             ... on level 3 of the Dungeon.
             The game lasted 00:03:08 (1925 turns).

wormed the Sneak (Kobold Brigand)                   Turns: 1925, Time: 00:03:09

Health: 0/32       AC:  3    Str:  9    XL:     5   Next: 29%
Magic:  5/5        EV: 15    Int: 12    God:
Gold:   1231       SH:  0    Dex: 18    Spells: 4/4 levels left

rFire   . . .      SeeInvis .    a - +2 dagger
rCold   . . .      Faith    .    (no shield)
rNeg    . . .      Spirit   .    b - +0 robe
rPois   .          Reflect  .    (no helmet)
rElec   .          Harm     .    c - +0 cloak
rCorr   .          Rampage  .    (no gloves)
Will    .....                    (no boots)
Stlth   ++                       (no amulet)
HPRegen 0.25/turn                (no ring)
MPRegen 0.09/turn                (no ring)

@: very slow
A: small, no large weapons, nightstalker 3
a: no special abilities


You were on level 3 of the Dungeon.
You visited 1 branch of the dungeon, and saw 3 of its levels.

You collected 1231 gold pieces.

Inventory:

Hand Weapons
 a - a +2 dagger (weapon)
Missiles
 d - 2 poisoned darts (quivered)
Armour
 b - a +0 robe (worn)
 c - a +0 cloak (worn)
Jewellery
 h - a ring of positive energy
 n - a ring of fire
Scrolls
 f - a scroll of blinking
 g - a scroll of noise {unknown}
 k - a scroll of acquirement
 p - a scroll of immolation {unknown}
 q - a scroll of enchant armour {unknown}
 r - a scroll of fog
Potions
 i - 2 potions of haste
 j - a potion of heal wounds {unknown}
 l - a potion of cancellation {unknown}
 m - a potion of magic {unknown}
 o - 6 potions of curing {unknown}


   Skills:
 + Level 3.1 Fighting
 * Level 4.7 Short Blades
 - Level 2.1 Throwing
 + Level 2.6 Dodging
 + Level 6.1 Stealth


You had 4 spell levels left.
You didn't know any spells.
Your spell library contained the following spells:

 Spells                   Type           Power      Damage    Failure   Level
 Frozen Ramparts          Ice            0%         1d1       69%         3
 Ice Form                 Ice/Tmut       0%         N/A       97%         4
 Summon Ice Beast         Ice/Summ       0%         N/A       97%         4
 Iskenderun's Battlesphe  Conj           0%         2d6       100%        5
 Iron Shot                Conj/Erth      0%         9d1       100%        6
 Spellforged Servitor     Conj/Summ      0%         N/A       100%        7


Dungeon Overview and Level Annotations

Branches:
Dungeon (3/15)

Altars:

Annotations:
D:2 1 runed translucent door, Crazy Yiuf


Innate Abilities, Weirdness & Mutations

You are small and have problems with some larger weapons.
You are completely attuned to the shadows.


Message History

The river rat is poisoned.
You hear a splash.
The river rat barely misses you.
Throw: 7 darts (poison)
Press: ? - help, Q - select action Shift-Dir - straight line, f/p - river rat
Aim: a river rat (poisoned, 60% to hit)
You throw a poisoned dart. The poisoned dart hits the river rat.
You hear a splash.
The river rat closely misses you.
Throw: 6 darts (poison)
Press: ? - help, Q - select action Shift-Dir - straight line, f/p - river rat
Aim: a river rat (lightly wounded, poisoned, 60% to hit)
You throw a poisoned dart.
The poisoned dart closely misses the river rat.
You hear a splash.
The river rat bites you.
* * * LOW HITPOINT WARNING * * *
Throw: 5 darts (poison)
Press: ? - help, Q - select action Shift-Dir - straight line, f/p - river rat
Aim: a river rat (lightly wounded, poisoned, 60% to hit)
You throw a poisoned dart.
The poisoned dart barely misses the river rat.
You hear a splash.
The river rat barely misses you.
Throw: 4 darts (poison)
Press: ? - help, Q - select action Shift-Dir - straight line, f/p - river rat
Aim: a river rat (lightly wounded, poisoned, 60% to hit)
You throw a poisoned dart. The poisoned dart hits the river rat.
The river rat looks even sicker.
The river rat is lightly wounded.
You hear a splash.
The river rat barely misses you.
Throw: 3 darts (poison)
Press: ? - help, Q - select action Shift-Dir - straight line, f/p - river rat
Aim: a river rat (moderately wounded, very poisoned, 60% to hit)
You throw a poisoned dart.
The poisoned dart barely misses the river rat.
You hear a splash.
The river rat bites you!
You die...

####.#.# #~########## #
#.#.# #†~~~~~#
####.#.##### ####~#~#
...........###~~~~# #
####....#.#.##~##~# #
#......##.# #(~#
####....#....# #~##
.....#.#####.# #r##
######..###.## #@~#
#.#...######## ###
##'##### #.##.# #.#
##...## #.##.# #.#
##.....## #.##.###.#
##.......## #>.......#
##.........####...##..#
.+.........'..........#
##.........####...##.##


You could see a river rat (very poisoned).

Vanquished Creatures
  An orc priest (D:3)
  3 adders
  A river rat (D:3)
  2 worms (D:3)
  3 dart slugs
  2 orcs (D:3)
  5 ball pythons
  3 endoplasms
  2 giant cockroaches
  4 goblins
  6 hobgoblins
  2 quokkas
  2 bats
  2 frilled lizards (D:2)
  4 kobolds
  2 rats
44 creatures vanquished.

Notes
Turn   | Place    | Note
-------+----------+-------------------------------------------
     0 | D:1      | wormed the Kobold Brigand began the quest for the Orb.
     0 | D:1      | Reached XP level 1. HP: 12/12 MP: 1/1
   124 | D:1      | Reached XP level 2. HP: 18/18 MP: 2/2
   548 | D:1      | Reached XP level 3. HP: 22/22 MP: 3/3
   745 | D:1      | Identified a scroll of acquirement
   745 | D:1      | Acquired 1127 gold pieces
   998 | D:2      | Found a runed translucent door.
  1001 | D:2      | Noticed Crazy Yiuf
  1088 | D:2      | Reached XP level 4. HP: 27/27 MP: 4/4
  1555 | D:3      | Reached skill level 6 in Stealth
  1555 | D:3      | Reached XP level 5. HP: 11/32 MP: 5/5
  1925 | D:3      | Slain by a river rat

Illustrated notes

Levels and vault maps discovered:
D:1:      shiori_arrival_oz, layout_basic
D:2:      layout_rooms, uniq_crazy_yiuf_cottage
D:3:      layout_loops_corners, dreamdust_ecumenical_altar_hidden_monk_grotto,
          lightli_sewer_entry_pipes, grunt_decor_junction,
          lightli_corner_chamber

Skill      XL: |  1  2  3  4 |
---------------+-------------+-----
Short Blades   | 3 4 |  4.7
Dodging        | 2 |  2.6
Fighting       | 3 |  3.1
Stealth        | 6 |  6.1
Throwing       | |  2.1

Action                   |  1- 3 |  4- 6 || total
-------------------------+-------+-------++-------
Melee: Dagger            |    54 |    56 ||   110
       Punch             |       |     1 ||     1
Throw: Dart              |       |    18 ||    18
  Use: Scroll            |     7 |       ||     7
 Stab: Sleeping          |    22 |     4 ||    26
Armor: Robe              |     7 |     8 ||    15
Dodge: Dodged            |    24 |    51 ||    75

Table legend: (Time is in decaauts)
 A = Elapsed time spent in this place.
 B = Non-inter-level travel time spent in this place.
 C = Inter-level travel time spent in this place.
 D = Time resting spent in this place.
 E = Time spent auto-exploring this place.
 F = Levels seen in this place.
 G = Mean time per level.
                   A        B        C        D        E       F      G
               +--------+--------+--------+--------+--------+-----+--------+
         Total |   1916 |   1869 |     47 |      0 |   1527 |   3 |  638.7 |
       Dungeon |   1916 |   1869 |     47 |      0 |   1527 |   3 |  638.7 |
               +--------+--------+--------+--------+--------+-----+--------+

Top non-repeatable levels by time:
     D:1: 750 daAuts
     D:3: 612 daAuts
     D:2: 553 daAuts
